[Event "*** Titled Tuesday Blitz"]
[Site "Chess.com"]
[Date "2020.11.03"]
[Round "11"]
[White "ARTHURMOTIVATOR"]
[Black "Klavdia_Nik"]
[Result "1-0"]
[WhiteElo "2356"]
[BlackElo "2103"]
[TimeControl "180+1"]
[EndTime "12:09:45 PST"]
[Termination "ARTHURMOTIVATOR won on time"]

1. e4 e6 2. b3 d5 3. Bb2 dxe4 4. Nc3 Nf6 5. Qe2 Qd4 6. O-O-O Qb6 7. g4 Qa5 8. Kb1 Ba3 9. Qb5+ Qxb5 10. Bxb5+ c6 11.
Bxa3 cxb5 12. Nxb5 Na6 13. d3 Nxg4 14. Nd6+ Kd7 15.
Nh3 exd3 16. Nxf7 Kc6 17. Rxd3 Re8 18. f3 Nf6 19. Ne5+ Kc7 20. Rg1 g6 21. Nc4 b6 22.
Ng5 1-0

[Event "*** Titled Tuesday Blitz"]
[Site "Chess.com"]
[Date "2020.11.03"]
[Round "11"]
[White "GoltsevDmitry2000"]
[Black "swimmerchess"]
[Result "0-1"]
[WhiteElo "2692"]
[BlackElo "2855"]
[TimeControl "180+1"]
[EndTime "12:09:46 PST"]
[Termination "swimmerchess won on time"]

1. e4 c5 2. Nf3 Nc6 3. b3 g6 4.
Bb2 Nf6 5. e5 Nd5 6. e6 f6 7.
exd7+ Qxd7 8. Be2 Bh6 9. O-O O-O 10. Re1 e5 11. Nc3 Nf4 12. Bf1 b6 13. Ne4 Bb7 14. g3 Nh3+ 15. Bxh3 Qxh3 16. Nd6 Ba6 17. Kh1 Rad8 18.
Ne4 Bb7 19. d3 f5 20. Ned2 Nd4 21. Bxd4 Bxd2 22. Rxe5 cxd4 23. Kg1 Bc3 24. Rb1 Rde8 25. Qe2 Rxe5 26. Qxe5 Bxf3 27. Qe6+ Kg7 28. Qe7+ Rf7 29. Qe5+ Kh6 30. Qf4+ g5 31. Qxf3 f4 32. Qc6+ Kg7 33. Qd5 Qf5 34. Qg2 f3 35. Qf1 Re7 36. a4 a5 37. Rc1 g4 38. h4 gxh3 39. Kh2 Re2 40. Kh1 h5 41. Qg1 Qg5 42. Kh2 Bd2 43. Rd1 Be3 44. Rf1 Rxc2 45. Kxh3 Qg4+ 46. Kh2 Re2 47. b4 axb4 48. Qh1 Bxf2 0-1

[Event "*** Titled Tuesday Blitz"]
[Site "Chess.com"]
[Date "2020.11.03"]
[Round "11"]
[White "Gloomy_Wanderer"]
[Black "TregubovP"]
[Result "0-1"]
[WhiteElo "2679"]
[BlackElo "2552"]
[TimeControl "180+1"]
[EndTime "12:09:46 PST"]
[Termination "TregubovP won by resignation"]

1. d4 Nf6 2. c4 e6 3. Nf3 Bb4+ 4. Bd2 Qe7 5. g3 Bxd2+ 6. Qxd2 Nc6 7. Nc3 d5 8. b3 O-O 9. Bg2 dxc4 10. bxc4 Rd8 11. O-O Nxd4 12. Nxd4 e5 13. Nd5 Nxd5 14. cxd5 exd4 15.
Rfe1 c5 16. dxc6 bxc6 17. Bxc6 Rb8 18. Bf3 Bf5 19. Qf4 g6 20. Rad1 Rb4 21. e3 d3 22.
e4 Be6 23. Rd2 Ra4 24. Red1 Ra3 25. Qe3 Bc4 26. e5 Ra5 27. Qf4 Ba6 28. e6 Qxe6 29. Qc7 Qb6 30. Qxb6 axb6 31. Be4 f5 32. Bf3 Bc4 33.
Be2 Kg7 34. Bf1 Ra3 35. Rb2 b5 36. Rdd2 Kf6 37. f4 Ke6 38. Kf2 Kd5 39. Bg2+ Kd4 40.
Bc6 Rb8 41. Ke1 Rb6 42. Bf3 Rba6 43. Bb7 Ra7 44. Bc6 Rxa2 45. Rxa2 Rxa2 0-1

[Event "*** Titled Tuesday Blitz"]
[Site "Chess.com"]
[Date "2020.11.03"]
[Round "11"]
[White "Eloist"]
[Black "cukin84"]
[Result "1-0"]
[WhiteElo "2273"]
[BlackElo "2085"]
[TimeControl "180+1"]
[EndTime "12:09:46 PST"]
[Termination "Eloist won by checkmate"]

1. e4 c6 2. Nf3 d5 3. Nc3 Nf6 4. e5 Ne4 5. h3 Bf5 6. Bd3 e6 7. Qe2 Nxc3 8. dxc3 Bg6 9. O-O Be7 10. Bxg6 hxg6 11.
c4 dxc4 12. Rd1 Qb6 13. Bg5 Qc7 14. Qxc4 Bxg5 15. Nxg5 Rh5 16. Nxe6 fxe6 17. Qxe6+ Kf8 18. Rd6 Na6 19. Rd7 Qxd7 20. Qxd7 Re8 21. f4 Rf5 22. Qxb7 Nb8 23. Rf1 a5 24. g4 Rf7 25. Qb6 a4 26. e6 Rf6 27. f5 gxf5 28. Rxf5 a3 29. Rxf6+ gxf6 30. Qb7 c5 31. Qf7# 1-0

[Event "*** Titled Tuesday Blitz"]
[Site "Chess.com"]
[Date "2020.11.03"]
[Round "11"]
[White "Ariadna_Atreides"]
[Black "akanga001"]
[Result "1-0"]
[WhiteElo "2094"]
[BlackElo "1922"]
[TimeControl "180+1"]
[EndTime "12:09:50 PST"]
[Termination "Ariadna_Atreides won by checkmate"]

1. d4 Nf6 2. Nf3 c5 3. e3 e6 4. Bd3 b6 5. O-O Bb7 6. b3 Be7 7. Bb2 O-O 8. dxc5 bxc5 9. Nbd2 d5 10. Ne5 Nc6 11. Ndf3 Nb4 12. Be2 Ne4 13. a3 Nc6 14.
Nxc6 Bxc6 15. Ne5 Bb7 16. f3 Nd6 17. c4 f6 18. Ng4 Rc8 19. cxd5 exd5 20. Qe1 Nf5 21.
Bd3 Nd6 22. Qg3 c4 23. bxc4 dxc4 24. Bc2 c3 25. Bc1 Nc4 26. Rb1 Bd6 27. Qh3 f5 28. Rxb7 Rf7 29. Rxf7 Kxf7 30. Bxf5 Rb8 31. Qh5+ Kf8 32.
Qxh7 Nd2 33. Bxd2 cxd2 34. Qh8+ Kf7 35. Qh5+ Kf8 36. Be6 Bxh2+ 37. Nxh2 d1=Q 38. Qf7# 1-0

[Event "*** Titled Tuesday Blitz"]
[Site "Chess.com"]
[Date "2020.11.03"]
[Round "11"]
[White "LiemLe"]
[Black "GigaQuparadze"]
[Result "1/2-1/2"]
[WhiteElo "2999"]
[BlackElo "2874"]
[TimeControl "180+1"]
[EndTime "12:09:52 PST"]
[Termination "Game drawn by repetition"]

1. e4 c5 2. Nf3 e6 3. d4 cxd4 4. Nxd4 a6 5. c4 Nf6 6. Nc3 Bb4 7. Qd3 O-O 8. Be2 d6 9. O-O Nbd7 10. Rd1 Nc5 11. Qc2 Bxc3 12. Qxc3 Ncxe4 13. Qa3 e5 14. Nb3 Qc7 15. Be3 b6 16. f3 Nc5 17. Rd2 Be6 18. Rad1 Rfd8 19. Nxc5 bxc5 20. b3 a5 21. f4 Ne4 22. Rd3 exf4 23. Bxf4 Bf5 24. Bf3 Ra6 25. Rd5 Bg6 26. Bxe4 Bxe4 27. Qxc5 Rc6 28. Rxd6 Rdxd6 29. Bxd6 Qd7 30. Qe5 f5 31. Rd4 Qf7 32. Ba3 h6 33. Rd8+ Kh7 34. Qe8 Qf6 35. Qg8+ Kg6 36. Qe8+ Kh7 37. Qg8+ Kg6 38. Qe8+ Kh7 1/2-1/2

[Event "*** Titled Tuesday Blitz"]
[Site "Chess.com"]
[Date "2020.11.03"]
[Round "11"]
[White "Gabrielian_Artur"]
[Black "GelmanAlexander"]
[Result "1-0"]
[WhiteElo "2798"]
[BlackElo "2595"]
[TimeControl "180+1"]
[EndTime "12:09:52 PST"]
[Termination "Gabrielian_Artur won by resignation"]

1. d4 Nf6 2. c4 c5 3. Nf3 cxd4 4.
Nxd4 d6 5. Nc3 Nbd7 6. g3 a6 7.
Bg2 e6 8. O-O Be7 9. b3 O-O 10. Bb2 Qc7 11. Rc1 Ne5 12. Qd2 Bd7 13. Rfd1 Rac8 14. h3 Rfd8 15. Qe3 Qb8 16. a4 Qc7 17. Ne4 Ne8 18. f4 Ng6 19. Nf3 Bc6 20.
Kh2 h6 21. Bd4 Qb8 22. Ba7 Qa8 23. Bb6 Rd7 24. a5 Nf6 25. Nc3 Bd8 26. Bd4 Bxa5 27.
Bxf6 gxf6 28. f5 exf5 29. Qxh6 Bxc3 30. Rxc3 b6 31. Nd4 Be4 32. Nxf5 Bxf5 33. Bxa8 Rxa8 34. Rf1 Be4 35. Rxf6 Re8 36. Re3 Rde7 37. h4 Re5 38. Rxd6 b5 39. c5 Rxc5 40. Rxe4 Rxe4 41. Rd8+ 1-0

[Event "*** Titled Tuesday Blitz"]
[Site "Chess.com"]
[Date "2020.11.03"]
[Round "11"]
[White "Sibelephant"]
[Black "BilodeauA"]
[Result "1-0"]
[WhiteElo "3090"]
[BlackElo "2901"]
[TimeControl "180+1"]
[EndTime "12:09:54 PST"]
[Termination "Sibelephant won by resignation"]

1. Nf3 d5 2. e3 c5 3. b3 e6 4. Bb2 Nc6 5. Bb5 Ne7 6. O-O a6 7.
Be2 Ng6 8. d4 cxd4 9. Nxd4 Bd6 10.
c4 O-O 11. cxd5 exd5 12. Nc3 Bc7 13. Rc1 Qd6 14. g3 Bh3 15. Re1 Rad8 16. Nxc6 bxc6 17. Bxa6 f5 18. Ne2 Bg4 19. Qc2 Nh4 20. Nd4 Bb6 21. gxh4 Bxd4 22. Bxd4 c5 23. Qxc5 Qxa6 24. Qe7 Qg6 25.
Rc6 Qf7 26. Qxf7+ Rxf7 27. f4 Rb7 28. Rec1 Ra8 29. Rc8+ Rxc8 30. Rxc8+ Kf7 31. Kf2 h6 32. Rc6 Bd1 33. Ke1 Bf3 34. Kd2 g6 35. Rf6+ Ke7 36.
Rxg6 Rb8 37. Rxh6 Rg8 38. Rh7+ Kf8 39. Rh8 1-0

[Event "*** Titled Tuesday Blitz"]
[Site "Chess.com"]
[Date "2020.11.03"]
[Round "11"]
[White "MokshanovAlexey"]
[Black "MPGM"]
[Result "1-0"]
[WhiteElo "2607"]
[BlackElo "2462"]
[TimeControl "180+1"]
[EndTime "12:09:54 PST"]
[Termination "MokshanovAlexey won by resignation"]

1. e4 c6 2. d4 d5 3. e5 c5 4. dxc5 e6 5. Nf3 Bxc5 6. a3 a6 7. b4 Ba7 8. c4 Ne7 9. Nc3 dxc4 10. Qxd8+ Kxd8 11. Bxc4 b5 12. Bd3 Bb7 13. Be4 Bxe4 14. Nxe4 Nd5 15. Bg5+ Kd7 16. O-O h6 17. Be3 Nxe3 18.
fxe3 Bxe3+ 19. Kh1 Nc6 20. Rfe1 Ba7 21. Rac1 Ne7 22.
Red1+ Nd5 23. Nc3 Rac8 24. Nxd5 Rxc1 25. Nf6+ Ke7 26. Rxc1 Bb6 27. Rc6 gxf6 28. Rxb6 Rc8 29. exf6+ Kxf6 30. h3 Kf5 31. Rxa6 h5 32. Rb6 Kf4 33.
Rxb5 f6 34. Kh2 e5 35. Rc5 Ra8 36. b5 Rxa3 37. Rc4+ e4 38. Rb4 Ra7 39. b6 Rb7 40. Nd2 f5 41. Nb3 Ke3 42. Na5 Rb8 43. b7 f4 44. Nc6 Rxb7 45. Rxb7 f3 46. gxf3 exf3 1-0

[Event "*** Titled Tuesday Blitz"]
[Site "Chess.com"]
[Date "2020.11.03"]
[Round "11"]
[White "Semetey"]
[Black "Tashik"]
[Result "1-0"]
[WhiteElo "2566"]
[BlackElo "2486"]
[TimeControl "180+1"]
[EndTime "12:09:54 PST"]
[Termination "Semetey won by resignation"]

1. e4 e5 2. Nc3 Bc5 3. Bc4 Nf6 4. d3 c6 5. Nf3 d5 6. exd5 cxd5 7. Bb5+ Bd7 8.
Nxe5 Bxb5 9. Nxb5 Qa5+ 10. Nc3 d4 11. Nc4 Qc7 12. Ne2 O-O 13. O-O Nd5 14. a3 a5 15.
Ng3 b5 16. Nd2 Ne3 17. fxe3 dxe3 18. Kh1 exd2 19. Bxd2 Bd6 20. Nf5 Be5 21. d4 Bf6 22. Qg4 Kh8 23. Bg5 Bxg5 24. Qxg5 f6 25. Qh4 Nd7 26.
c3 Rfe8 27. Rae1 Nf8 28. h3 Ng6 29. Qg4 Qc4 30. h4 Qc7 31. h5 Nf8 32. d5 Qd7 33. d6 h6 34. Re7 Rxe7 35. dxe7 Ne6 36. Nxg7 Qxe7 37. Nxe6 Re8 38. Nf4 Qe5 39. Ng6+ 1-0

[Event "*** Titled Tuesday Blitz"]
[Site "Chess.com"]
[Date "2020.11.03"]
[Round "11"]
[White "IwkooO"]
[Black "Piotrek1979"]
[Result "1-0"]
[WhiteElo "2663"]
[BlackElo "2490"]
[TimeControl "180+1"]
[EndTime "12:09:55 PST"]
[Termination "IwkooO won by checkmate"]

1. e4 Nc6 2. Nf3 d6 3. d4 Nf6 4. Nc3 Bg4 5. d5 Nb8 6. h3 Bxf3 7. Qxf3 g6 8. Bd2 Bg7 9. Bd3 O-O 10. g4 c6 11. h4 Nbd7 12. g5 Ne5 13. Qh3 Nfd7 14. h5 Nxd3+ 15. cxd3 Re8 16. hxg6 hxg6 17. Qh7+ Kf8 18.
f4 Qb6 19. f5 Ne5 20. fxg6 Qxb2 21. Rd1 Nf3+ 22. Ke2 Nxd2 23. Rxd2 Qxc3 24. gxf7 e6 25.
fxe8=Q+ Rxe8 26. Rf1+ Ke7 27. dxe6 Kd8 28. Rf7 Rh8 29.
Qxg7 Rh2+ 30. Kf3 Qxg7 31. Rxh2 Qd4 32. Kg4 Qxd3 33. Rh8# 1-0

[Event "*** Titled Tuesday Blitz"]
[Site "Chess.com"]
[Date "2020.11.03"]
[Round "11"]
[White "Fischerev7"]
[Black "Titus369"]
[Result "0-1"]
[WhiteElo "2404"]
[BlackElo "2549"]
[TimeControl "180+1"]
[EndTime "12:09:56 PST"]
[Termination "Titus369 won by resignation"]

1. e4 c5 2. Nf3 d6 3. d4 cxd4 4. Nxd4 Nf6 5. Nc3 a6 6. Be3 e6 7. f3 Nbd7 8. Qd2 b5 9. O-O-O Qc7 10. Kb1 Ne5 11. g4 h6 12. a3 Bd7 13. h4 Rc8 14.
Be2 Nc4 15. Bxc4 Qxc4 16. Nb3 b4 17. axb4 d5 18. exd5 Bxb4 19. dxe6 Bxe6 20. g5 Nd5 21. Qd3 Bxc3 22. bxc3 Nxc3+ 23. Kb2 Nxd1+ 24. Rxd1 hxg5 25.
Bxg5 Qxd3 26. Rxd3 f6 27. Bc1 Bxb3 28. Rxb3 Rxh4 29. Rb7 Rhc4 30. Kb3 Rc3+ 31. Kb4 Rxc2 32. Ba3 R2c7 33. Rb6 a5+ 34. Kxa5 Ra7+ 35. Kb4 Rxa3 36.
Kxa3 Rc3+ 37. Kb4 Rxf3 38. Kc4 Re3 39. Kd4 Re1 40. Rb7 Kf8 41. Kd3 Kg8 42. Kd2 Re5 43.
Rb4 Kh7 44. Rg4 g5 45. Rg3 Kg6 46. Re3 Rxe3 47. Kxe3 Kh5 48. Kf3 Kh4 49. Kg2 Kg4 50. Kf2 Kh3 51. Kf1 Kg3 52. Kg1 f5 53. Kf1 f4 54.
Kg1 g4 55. Kf1 Kh2 56. Kf2 Kh1 57. Kf1 g3 58. Ke2 Kg2 0-1

[Event "*** Titled Tuesday Blitz"]
[Site "Chess.com"]
[Date "2020.11.03"]
[Round "11"]
[White "MattyDPerrine"]
[Black "shnitez"]
[Result "0-1"]
[WhiteElo "2405"]
[BlackElo "2531"]
[TimeControl "180+1"]
[EndTime "12:09:58 PST"]
[Termination "shnitez won on time"]

1. e4 c5 2. Nf3 e6 3. d4 cxd4 4. Nxd4 a6 5. g3 b5 6. Bg2 Bb7 7. O-O Nc6 8. Re1 Nxd4 9. Qxd4 Ne7 10. Bf4 Nc6 11. Qd2 d6 12. Nc3 Be7 13. Rad1 Ne5 14. Qe2 Qc7 15. Bc1 O-O 16. f4 Nc4 17. b3 Nb6 18.
Rd3 Rac8 19. Be3 Nd7 20. b4 Nb6 21. Bf2 Rfd8 22. g4 Bf6 23. e5 dxe5 24. fxe5 Rxd3 25.
cxd3 Bxg2 0-1

[Event "*** Titled Tuesday Blitz"]
[Site "Chess.com"]
[Date "2020.11.03"]
[Round "11"]
[White "chenxiaoyuer"]
[Black "Zarikovs1999"]
[Result "1-0"]
[WhiteElo "2505"]
[BlackElo "2364"]
[TimeControl "180+1"]
[EndTime "12:09:58 PST"]
[Termination "chenxiaoyuer won on time"]

1. e4 c5 2. Nf3 d6 3. d4 cxd4 4.
Nxd4 Nf6 5. Nc3 a6 6. Be2 e5 7. Nb3 Be7 8. O-O O-O 9. Kh1 Be6 10. f4 exf4 11. Bxf4 Nc6 12. Qe1 Ne5 13. Rd1 Qc7 14. Qg3 Rac8 15. Nd4 b5 16. Nd5 Nxe4 17.
Nxe7+ Qxe7 18. Qe3 f5 19. Bf3 Nc4 20. Qe2 d5 21. b3 Ncd6 22. Rd3 g5 23. Nxe6 Qxe6 24. Bxg5 Qg6 25. Bf4 Rce8 26. Qd1 Kh8 27. Rxd5 Nc3 28.
Qd4+ 1-0

[Event "*** Titled Tuesday Blitz"]
[Site "Chess.com"]
[Date "2020.11.03"]
[Round "11"]
[White "barriochess"]
[Black "queen_iryna"]
[Result "1-0"]
[WhiteElo "2371"]
[BlackElo "2270"]
[TimeControl "180+1"]
[EndTime "12:09:59 PST"]
[Termination "barriochess won by resignation"]

1. d4 d6 2. Nf3 g6 3. c4 Bg7 4. Nc3 Nc6 5. g3 e5 6. d5 Nce7 7. Bg2 f5 8. O-O Nf6 9. Ne1 O-O 10. b4 f4 11. Nc2 g5 12. Bb2 Bf5 13. e4 Bd7 14. c5 g4 15. Re1 Qe8 16. a4 Qg6 17. cxd6 cxd6 18. Nb5 Bxb5 19. axb5 f3 20. Bf1 Rac8 21.
Bd3 Qh5 22. Ne3 Ne8 23. Rxa7 Rf6 24. Rxb7 Rh6 25. h4 Bf6 26. Rxe7 Bxh4 27. Rxe8+ Rxe8 28. Nf5 Bd8 29. Nxh6+ Qxh6 30. Bc1 Qh5 31. Be3 Rf8 32. b6 Rf6 33. b7 Rh6 34. Bxh6 Qh3 35. Bf1 Qxh6 36.
b8=Q 1-0

[Event "*** Titled Tuesday Blitz"]
[Site "Chess.com"]
[Date "2020.11.03"]
[Round "11"]
[White "HanSchut"]
[Black "canary2016"]
[Result "0-1"]
[WhiteElo "2185"]
[BlackElo "1987"]
[TimeControl "180+1"]
[EndTime "12:10:00 PST"]
[Termination "canary2016 won by resignation"]

1. e4 e5 2. Nf3 Nf6 3. Bc4 Bc5 4. d4 exd4 5. e5 Ng8 6. Ng5 d5 7. exd6 Be6 8. Bxe6 fxe6 9. dxc7 Qxc7 10. Nxe6 Qe7 11. Qe2 Kf7 12. Ng5+ Kf8 13. Ne6+ Kf7 14. Nxc5 Qxc5 15. O-O Nf6 16. Nd2 Nc6 17. Nb3 Qd6 18. Qc4+ Kf8 19. Bg5 Ng4 20. Qc5 Qxc5 21. Nxc5 b6 22.
Ne6+ Kf7 23. Nf4 h6 24. h3 hxg5 25. hxg4 gxf4 26. Rac1 Rae8 27. Rcd1 Re2 28. Rd2 Rxd2 0-1

[Event "*** Titled Tuesday Blitz"]
[Site "Chess.com"]
[Date "2020.11.03"]
[Round "11"]
[White "mr_gustavo"]
[Black "AniJak"]
[Result "1/2-1/2"]
[WhiteElo "2396"]
[BlackElo "2313"]
[TimeControl "180+1"]
[EndTime "12:10:07 PST"]
[Termination "Game drawn by repetition"]

1. e4 c6 2. d4 d5 3. e5 Bf5 4.
Bd3 Bxd3 5. Qxd3 e6 6. f4 c5 7. Nf3 Nc6 8. Be3 cxd4 9. Nxd4 Nh6 10. Nd2 Nxd4 11. Bxd4 Nf5 12. Bf2 h5 13. O-O Be7 14. Rad1 O-O 15. Nb3 Rc8 16. c3 g6 17. Nd4 Nxd4 18.
Bxd4 Bc5 19. Bxc5 Rxc5 20. Qd4 Qb6 21. Rd3 Rb5 22. Qxb6 Rxb6 23. b3 Rc8 24. Rc1 Rbc6 25. Kf2 Kf8 26. Ke3 Ke7 27. Kd4 b5 28. Ra1 b4 29. cxb4 Rc2 30. g3 Re2 31. Re3 Rd2+ 32. Rd3 Rxh2 33. a4 Re2 34. Re3 Rd2+ 35. Rd3 Re2 36.
Rc3 Re4+ 37. Kd3 Rxc3+ 38. Kxc3 Re3+ 39. Kd4 Rxg3 40. Kc5 Rxb3 41. b5 h4 42. a5 h3 43.
b6 axb6+ 44. axb6 d4 45. Kc6 Rc3+ 46. Kb5 h2 47. Rh1 Rc2 48. b7 Kd7 49. Kb6 Rb2+ 50. Ka7 Ra2+ 51. Kb6 Rb2+ 52. Ka7 Ra2+ 53. Kb6 Rb2+ 1/2-1/2

[Event "*** Titled Tuesday Blitz"]
[Site "Chess.com"]
[Date "2020.11.03"]
[Round "11"]
[White "karwowskikacper"]
[Black "Sergienko_Sergey"]
[Result "1/2-1/2"]
[WhiteElo "2438"]
[BlackElo "2323"]
[TimeControl "180+1"]
[EndTime "12:10:07 PST"]
[Termination "Game drawn by repetition"]

1. c4 c5 2. Nc3 Nf6 3. g3 d5 4. cxd5 Nxd5 5. Bg2 Nc7 6. Nf3 Nc6 7. O-O e5 8. d3 Be7 9. Be3 O-O 10. Rc1 f6 11.
Na4 b6 12. Nd2 Bd7 13. b4 Nxb4 14. Bxa8 Qxa8 15. Nc3 Bh3 16. f3 Bxf1 17. Kxf1 Kh8 18. Qa4 Ncd5 19. Nxd5 Nxd5 20. Bf2 Qb7 21. Nb3 Rd8 22.
Qb5 Qd7 23. Qxd7 Rxd7 24. a4 Kg8 25. a5 Kf7 26. axb6 axb6 27. Nd2 Ra7 28. Nc4 Ra6 29. Rb1 Ke6 30. e4 Nb4 31. Ke2 b5 32. Nd2 Ra2 33. Rc1 Nc2 34. Kd1 Nd4 35. Bxd4 exd4 36. Rb1 b4 37. Kc1 g6 38. Rb2 Ra1+ 39. Rb1 Ra3 40.
Rb3 Ra2 41. Rb2 Ra3 42. Rb3 Ra2 43. Rb2 1/2-1/2

[Event "*** Titled Tuesday Blitz"]
[Site "Chess.com"]
[Date "2020.11.03"]
[Round "11"]
[White "TimofeevAr"]
[Black "BogdanDeac"]
[Result "1-0"]
[WhiteElo "2823"]
[BlackElo "2865"]
[TimeControl "180+1"]
[EndTime "12:10:09 PST"]
[Termination "TimofeevAr won by resignation"]

1. c4 Nf6 2. Nc3 e5 3. e3 Nc6 4. d3 d5 5. cxd5 Nxd5 6. Nf3 g6 7.
Bd2 Bg7 8. a3 O-O 9. Be2 b6 10.
O-O Nce7 11. Qa4 c5 12. Rfc1 Bd7 13. Qh4 a5 14. e4 Nc7 15. Bh6 Nc6 16. Bg5 f6 17.
Bd2 Be6 18. h3 a4 19. Qg3 Bf7 20. Be3 Ne6 21. Nd5 Ned4 22. Nxd4 exd4 23. Bf4 Bxd5 24.
exd5 Qxd5 25. Bf3 Qd7 26. Rab1 Rfc8 27. b3 axb3 28. Rxb3 Ra6 29. Rcb1 Ne7 30. Rxb6 Nf5 31. Qg4 Rxa3 32. Rb7 Qe6 33. Be4 Re8 34. R1b6 Qc8 35.
Rc7 Qd8 36. Rbb7 Bf8 37. Bxf5 c4 38. Be6+ 1-0

[Event "*** Titled Tuesday Blitz"]
[Site "Chess.com"]
[Date "2020.11.03"]
[Round "11"]
[White "Borsuk_Konstantin"]
[Black "AlexeiShirov"]
[Result "1-0"]
[WhiteElo "2639"]
[BlackElo "2796"]
[TimeControl "180+1"]
[EndTime "12:10:12 PST"]
[Termination "Borsuk_Konstantin won by resignation"]

1. d4 d5 2. c4 c6 3. Nc3 Nf6 4. e3 Nbd7 5. Nf3 e6 6. Qc2 Bd6 7. Bd3 dxc4 8. Bxc4 b5 9. Be2 O-O 10. O-O Bb7 11. e4 e5 12. dxe5 Nxe5 13. Nxe5 Bxe5 14. f4 Bd4+ 15. Kh1 b4 16. Na4 c5 17. Bf3 Re8 18.
e5 Bxf3 19. Rxf3 Ng4 20. h3 Qh4 21. Bd2 Nf2+ 22. Kh2 Ng4+ 23. Kh1 Rac8 24. Raf1 c4 25. Be1 Qh5 26. Qe4 Red8 27. Bxb4 Nh6 28. f5 Bb6 29. Nxb6 axb6 30. e6 fxe6 31. fxe6 Qg6 32. Qxg6 hxg6 33.
e7 Re8 34. Rf8+ Kh7 35. Rxe8 Rxe8 36. Rf8 1-0

[Event "*** Titled Tuesday Blitz"]
[Site "Chess.com"]
[Date "2020.11.03"]
[Round "11"]
[White "profofchess"]
[Black "Alomaterapia"]
[Result "1/2-1/2"]
[WhiteElo "2391"]
[BlackElo "2501"]
[TimeControl "180+1"]
[EndTime "12:10:12 PST"]
[Termination "Game drawn by repetition"]

1. e4 e5 2. Nf3 Nc6 3. Nc3 Nf6 4. Bb5 Nd4 5. Nxd4 exd4 6. Nd5 Nxd5 7. exd5 Be7 8. O-O O-O 9. Bd3 d6 10. b3 Bf6 11. Bb2 g6 12. Qf3 Bg7 13. Rfe1 h5 14. h3 Qf6 15. Qe4 Bf5 16. Qe7 Bxd3 17. cxd3 Qf5 18. Qe4 Qg5 19. Bxd4 Qxd2 20. Bxg7 Kxg7 21.
Qd4+ Kg8 22. Re7 Qc2 23. Rae1 a5 24. a4 b6 25. Rd7 Rae8 26. Ree7 Rxe7 27. Rxe7 Qxb3 28.
Rxc7 Qb4 29. Qxb4 axb4 30. Rb7 Ra8 31. Rxb6 Rxa4 32. Rxd6 Ra1+ 33. Kh2 Rd1 34. Rb6 Rxd3 35. Rxb4 Rxd5 36. h4 Rf5 37. Kg1 Kg7 38. g3 Rf6 39. Kg2 Rf5 40. Ra4 Rf6 41. Rb4 Rf5 42. Ra4 Rf6 43. Rb4 1/2-1/2

[Event "*** Titled Tuesday Blitz"]
[Site "Chess.com"]
[Date "2020.11.03"]
[Round "11"]
[White "FMJoseHerrera"]
[Black "ChristopherYoo"]
[Result "1-0"]
[WhiteElo "2594"]
[BlackElo "2817"]
[TimeControl "180+1"]
[EndTime "12:10:14 PST"]
[Termination "FMJoseHerrera won by resignation"]

1. Nf3 b6 2. g3 Bb7 3. Bg2 g6 4. d3 Bg7 5. Nc3 d5 6. h4 h6 7. e4 Bxc3+ 8. bxc3 dxe4 9. Nd2 Nf6 10. O-O Nbd7 11. Ba3 O-O 12. Re1 c5 13. Nxe4 Nxe4 14. Bxe4 Bxe4 15. Rxe4 Nf6 16. Re2 Qd7 17. Bc1 Kh7 18.
Qd2 h5 19. a4 Rad8 20. a5 c4 21. d4 Qh3 22. Rxe7 Ng4 23. f3 Qxg3+ 24. Qg2 Qxh4 25. Re4 f5 26. Re2 Rde8 27. fxg4 Rxe2 28. Qxe2 Qg3+ 29. Qg2 Qe1+ 30. Kh2 fxg4 31. axb6 Qh4+ 32. Kg1 Qe1+ 33. Kh2 Rf2 34. Rxa7+ Kh8 35. b7 g3+ 36. Kxg3 Rxg2+ 37. Kxg2 Qe2+ 38. Kg3 Qe1+ 39. Kf4 Qxc1+ 40. Ke5 Qg5+ 41. Kd6 Qf6+ 42. Kd5 Qf5+ 43. Kxc4 Qe6+ 44. Kd3 Qf5+ 45. Kd2 Qf4+ 46. Kd1 Qf3+ 47. Kc1 Qf1+ 48. Kb2 Qb5+ 49. Ka1 Qf1+ 50. Ka2 Qc4+ 51. Kb2 Qb5+ 52. Ka3 Qb1 53. Ra8+ Kg7 54. b8=Q Qa1+ 55. Kb3 Qb1+ 56. Kc4 Qf1+ 57. Kc5 Qf5+ 58. Qe5+ 1-0

[Event "*** Titled Tuesday Blitz"]
[Site "Chess.com"]
[Date "2020.11.03"]
[Round "11"]
[White "TurboSteen"]
[Black "lelya96"]
[Result "0-1"]
[WhiteElo "2024"]
[BlackElo "2205"]
[TimeControl "180+1"]
[EndTime "12:10:14 PST"]
[Termination "lelya96 won on time"]

1. e4 e5 2. Nf3 Nc6 3. Bb5 a6 4. Ba4 Nf6 5. O-O b5 6. Bb3 Bc5 7. c3 O-O 8. d4 Bd6 9. dxe5 Bxe5 10. Bd5 Re8 11. Nxe5 Nxe5 12. Bxa8 c6 13. a4 Nxe4 14.
axb5 axb5 15. Be3 Qh4 16. Nd2 Ng4 17. Nf3 Qh5 18. h3 Nxe3 19. fxe3 Ng3 20. Re1 Qg6 21. Ra7 d5 22. Bb7 Be6 23. Kh2 Ne4 24. Bxc6 Qg3+ 25. Kh1 Nf2+ 26. Kg1 Nxh3+ 27. Kh1 Nf2+ 28. Kg1 Bh3 29.
Nh4 Nxd1 0-1

[Event "*** Titled Tuesday Blitz"]
[Site "Chess.com"]
[Date "2020.11.03"]
[Round "11"]
[White "Firouzja2003"]
[Black "jefferyx"]
[Result "0-1"]
[WhiteElo "3061"]
[BlackElo "2964"]
[TimeControl "180+1"]
[EndTime "12:10:15 PST"]
[Termination "jefferyx won by resignation"]

1. g3 c5 2. e4 Nc6 3. Nc3 g6 4. Bg2 Bg7 5. Nge2 e6 6. O-O Nge7 7. d3 O-O 8. Be3 Nd4 9. Qd2 d5 10. Rad1 b6 11. exd5 exd5 12. Bxd4 cxd4 13. Nb5 Nf5 14. Qb4 a5 15. Qb3 Bb7 16. a4 Rc8 17. Nf4 Rc5 18.
Rfe1 Qd7 19. Re2 Bh6 20. Nh3 Bc6 21. Rde1 Bxb5 22. axb5 Qxb5 23. Qxb5 Rxb5 24. b3 Rc8 25. Re8+ Rxe8 26. Rxe8+ Bf8 27. Nf4 Ne7 28. Rd8 Rc5 29.
Nxd5 Nxd5 30. Bxd5 Rxc2 31. Rd7 b5 32. Bxf7+ Kh8 33.
Rb7 a4 34. Rxb5 a3 35. b4 a2 36. Ra5 Rc1+ 0-1

[Event "*** Titled Tuesday Blitz"]
[Site "Chess.com"]
[Date "2020.11.03"]
[Round "11"]
[White "Azoulas1"]
[Black "politeplayer"]
[Result "1-0"]
[WhiteElo "2071"]
[BlackElo "2213"]
[TimeControl "180+1"]
[EndTime "12:10:15 PST"]
[Termination "Azoulas1 won by resignation"]

1. e4 c5 2. Nf3 d6 3. Bb5+ Nc6 4. Bxc6+ bxc6 5. O-O Bg4 6. h3 Bh5 7. Re1 g5 8. d4 g4 9. hxg4 Bxg4 10. d5 cxd5 11.
Qxd5 Nf6 12. Qd3 Rg8 13. Nbd2 h5 14. b3 Bh6 15. Bb2 Bxd2 16. Nxd2 e5 17. Nc4 Ke7 18. Rad1 Bxd1 19. Rxd1 Ne8 20. Ne3 Rg6 21. Nf5+ Kf8 22.
Qh3 Qg5 23. Bc1 Qg4 24. Qxg4 Rxg4 25. Bh6+ Kg8 26. Rd3 Rxe4 27. Rh3 Nf6 28. Bg5 Ng4 29. Kf1 a5 30. f3 Rb4 31. fxg4 hxg4 32.
Rh6 f6 33. Rxf6 Ra7 34. Nxd6 a4 35. Bd2 axb3 36. axb3 Rd4 37. Bc3 Rd1+ 38. Ke2 Re7 39. Kxd1 1-0

[Event "*** Titled Tuesday Blitz"]
[Site "Chess.com"]
[Date "2020.11.03"]
[Round "11"]
[White "snowlord"]
[Black "esskeettit"]
[Result "1-0"]
[WhiteElo "2691"]
[BlackElo "2448"]
[TimeControl "180+1"]
[EndTime "12:10:16 PST"]
[Termination "snowlord won by resignation"]

1. d4 Nf6 2. c4 e6 3. Nf3 d5 4.
g3 Be7 5. Bg2 O-O 6. Nc3 c6 7. O-O b6 8. Qd3 Bb7 9. e4 a5 10. b3 Na6 11. e5 Nd7 12. cxd5 Nb4 13. Qd1 Nxd5 14. Nxd5 cxd5 15. h4 b5 16. a3 Qb6 17. Bg5 Bxg5 18. hxg5 Rfc8 19. Qd2 Rc7 20. b4 a4 21. Rfc1 Rac8 22. Bf1 Rxc1 23. Rxc1 Rxc1 24.
Qxc1 Qc6 25. Qb1 Qc3 26. Kg2 Bc6 27. Bd3 Nf8 28. Qc2 Qxc2 29. Bxc2 Nd7 30. Bd3 Nb6 31. Nd2 Kf8 32. g4 Ke7 33. Kg3 Be8 34. Nb1 Nc4 35.
Bxc4 dxc4 36. Nc3 Bc6 37. Kf4 Kd7 38. Ke3 Ke7 39. f3 Kd7 40. f4 Ke7 41. Kf2 Kd7 42.
Kg3 g6 43. f5 gxf5 44. gxf5 Ke7 45. Kf4 Bd7 46. d5 exd5 47. Nxd5+ Kf8 48. Nc3 Bc6 49.
Ke3 Ke7 50. Kd4 Kd7 51. Kc5 Kc7 52. f6 Bd7 53. Nxb5+ Bxb5 54. Kxb5 c3 55. e6 fxe6 56. f7 c2 57. f8=Q c1=Q 58. Qc5+ Qxc5+ 59. Kxc5 e5 60. Kd5 Kb6 61. Kxe5 1-0